 Dungeon Crawl Stone Soup version 0.30-a0-949-g53dc5368d7 (webtiles) character file.

Game seed: 3284209278646937537

18076 Jackthecabe the Fighter (level 11, -23/99 HPs)
             Began as a Demigod Transmuter on Mar 27, 2023.
             Annihilated by Urug
             ... wielding a +3 broad axe
              (48 damage)
             ... on level 11 of the Dungeon.
             The game lasted 00:41:16 (16152 turns).

Jackthecabe the Fighter (Demigod Transmuter)       Turns: 16152, Time: 00:41:17

Health: -23/99     AC:  6    Str: 11    XL:     11   Next: 98%
Magic:  0/19       EV: 29    Int: 27    God:
Gold:   807        SH:  0    Dex: 19    Spells: 1/17 levels left

rFire   . . .      SeeInvis .    B - melded +8 lance "Wyrmbane" {slay drac, rPois rF+ rC+ AC+3}
rCold   . . .      Faith    .    (shield currently unavailable)
rNeg    . . .      Spirit   +    y - melded +0 leather armour "Estre Aqu" {rF+ rC+ Stlth+}
rPois   x          Reflect  .    f - melded +1 helmet
rElec   .          Rampage  .    O - melded +0 cloak of Hepliaklqana {Str+3 Dex+3}
rCorr   .                        (gloves currently unavailable)
Will    +....                    x - melded +2 pair of boots
Stlth   ++                       p - amulet of guardian spirit
HPRegen 0.36/turn                E - +5 ring of evasion
MPRegen 0.16/turn                T - +4 ring of protection

@: spider-form, freezing walls
A: venomous fangs, tiny, high MP 1, forlorn, divine attributes
a: End Transformation


You were on level 11 of the Dungeon.
You were a venomous arachnid creature.
You visited 1 branch of the dungeon, and saw 11 of its levels.

You collected 807 gold pieces.


Innate Abilities, Weirdness & Mutations

You are a venomous arachnid creature.
You have venomous fangs.
You are tiny and dextrous.
Your spellcasting is less reliable in this form.
Your armour is entirely melded.
You are incapable of wielding weapons or throwing items.
You have an increased reservoir of magic. (+10% MP)
You shall have no god before yourself.
Your divine heritage dramatically boosts your attributes as you level up.


   Skills:
 - Level 10.0 Fighting
 - Level 7.1 Long Blades
 + Level 5.6 Polearms
 - Level 4.0 Armour
 - Level 6.0 Dodging
 - Level 2.6 Unarmed Combat
 - Level 3.5 Spellcasting
 - Level 4.0 Conjurations
 - Level 5.0 Transmutations
 - Level 5.0 Ice Magic
 - Level 4.0 Earth Magic
 - Level 3.0 Poison Magic
 - Level 3.0 Evocations


You had one spell level left.
You knew the following spells:

 Your Spells              Type           Power      Damage    Failure   Level
b - Beastly Appendage     Tmut           62%        N/A       5%          1
c - Ice Form              Ice/Tmut       31%        N/A       26%         4
f - Frozen Ramparts       Ice            62%        1d10      11%         3
s - Spider Form           Tmut/Pois      26%        N/A       14%         3
t - Stone Arrow           Conj/Erth      52%        3d10      14%         3
w - Wereblood             Tmut           31%        N/A       7%          2

Your spell library contained the following spells:

 Spells                   Type           Power      Damage    Failure   Level
 Kiss of Death            Conj/Necr      60%        2d10      12%         1
 Scorch                   Fire           8%         2d5       30%         2
 Confusing Touch          Hex            4%         N/A       47%         3
 Summon Ice Beast         Ice/Summ       18%        N/A       52%         4
 Animate Armour           Summ/Erth      30%        N/A       58%         4
 Flame Wave               Conj/Fire      15%        2d7       58%         4
 Anguish                  Hex/Necr       2%         N/A       82%         4
 Dispel Undead            Necr           4%         3d7       82%         4
 Summon Cactus Giant      Summ           2%         N/A       100%        6
 Enfeeble                 Hex            2%         N/A       100%        7
 Lehudib's Crystal Spear  Conj/Erth      13%        10d4      100%        8
 Death's Door             Necr           2%         N/A       100%        9

Inventory:

Hand Weapons
 k - a +2 dagger of freezing
 B - the +8 lance "Wyrmbane" (melded) {slay drac, rPois rF+ rC+ AC+3}
   (You took it off a tengu conjurer on level 11 of the Dungeon)

   AC:        It affects your AC (+3).
   rF:        It protects you from fire.
   rC:        It protects you from cold.
   rPois:     It protects you from poison.
 H - the +7 Throatcutter {drain, coup de grace}
   (You found it on level 10 of the Dungeon)
Missiles
 A - 3 throwing nets {=f}
Armour
 f - a +1 helmet (melded)
 i - a +2 robe of willpower
 x - a +2 pair of boots (melded)
 y - the +0 leather armour "Estre Aqu" (melded) {rF+ rC+ Stlth+}
   (You found it on level 4 of the Dungeon)

   rF:        It protects you from fire.
   rC:        It protects you from cold.
   Stlth:     It makes you more stealthy.
 O - the +0 cloak of Hepliaklqana (melded) {Str+3 Dex+3}
   (You found it on level 11 of the Dungeon)

   Str:       It affects your strength (+3).
   Dex:       It affects your dexterity (+3).
Magical Staves
 L - a staff of air {!a}
 Q - the staff of earth "Suoluij" {rElec rF- Int+3 Stlth+, !a}
   (You found it on level 11 of the Dungeon)

   [staff of earth]

   Base accuracy: +5 Base damage: 5 Base attack delay: 1.2 This weapon's minimum
   attack delay (0.6) is reached at skill level 12.
   Int:       It affects your intelligence (+3).
   rF:        It makes you vulnerable to fire.
   rElec:     It insulates you from electricity.
   Stlth:     It makes you more stealthy.
   It falls into the 'Staves' category.
   It is a two-handed weapon.
Jewellery
 d - a +6 ring of dexterity
 p - an amulet of guardian spirit (around neck)
 v - a ring of see invisible
 D - a +6 ring of dexterity
 E - a +5 ring of evasion (left front pincers)
 R - a ring of resist corrosion
 T - a +4 ring of protection (right front pincers)
Wands
 a - a wand of charming (10)
 K - a wand of iceblast (8)
 M - a wand of flame (9)
Scrolls
 e - 3 scrolls of blinking
 g - 4 scrolls of teleportation {@r2}
 n - 3 scrolls of butterflies
 q - 2 scrolls of amnesia {unknown}
 r - 2 scrolls of poison {unknown}
 t - 2 scrolls of enchant armour
 F - a scroll of enchant weapon
 G - 3 scrolls of fear
 J - a scroll of immolation
 U - a scroll of acquirement {unknown}
Potions
 b - 4 potions of lignification
 c - 2 potions of degeneration {unknown}
 h - 3 potions of haste {@q3}
 j - 2 potions of resistance
 l - 5 potions of heal wounds {@q2}
 m - a potion of flight {unknown}
 o - 2 potions of attraction
 s - 2 potions of ambrosia {unknown}
 u - a potion of cancellation {unknown}
 w - a potion of berserk rage {unknown}
 C - 2 potions of magic {unknown}
 I - 2 potions of mutation {unknown}
 N - 2 potions of might
 S - 6 potions of curing {@q1}
Miscellaneous
 z - a tin of tremorstones (2/2)
 P - a box of beasts (inert)

Dungeon Overview and Level Annotations

Branches:
Dungeon (11/15)            Temple (0/1) D:7             Orc (0/2) D:10
   Lair: D:8-11

Shops:
D:5 [   D:9 (

Annotations:
D:4 1 runed translucent door, Crazy Yiuf, Sigmund
D:7 Joseph
D:8 2 transporters
D:11 Urug

### #........# ..#
###....# ..# #......#
..# #......#
..########......#
................#
................#
##.###'#.......o########
.#.#...#........s......#
.#.#...#...†.....>.....#
.#.#...#.#########.....#
.#.#...#.# #.....#
.#.#...#.# #.....#
.#.#...#.# #.....#
.#.#...#.#########....##
##.#...#..............#
...#####..............#


You could see Urug (strong, extremely poisoned).


Message History

Unknown command.
You hit Urug.
Urug is poisoned.
Urug is lightly wounded.
The wall freezes Urug.
Urug misses you.
You hit Urug but do no damage.
Urug looks as sick as possible!
Urug is lightly wounded.
The wall freezes Urug but does no damage.
Urug hits you with a +3 broad axe!!!
* * * LOW HITPOINT WARNING * * *
You closely miss Urug.
Urug is lightly wounded.
The wall freezes Urug.
Urug hits you with a +3 broad axe!!
* * * LOW HITPOINT WARNING * * *
Urug hits your larval oxweird beast but does no damage.
You hit Urug.
Urug looks as sick as possible!
Urug is moderately wounded.
Your larval oxweird beast hits Urug but does no damage.
Your larval oxweird beast closely misses Urug.
Your larval oxweird beast grabs Urug.
Your larval oxweird beast constricts Urug.
The wall freezes Urug!
Urug completely misses you.
Urug hits your larval oxweird beast with a +3 broad axe!!
Your larval oxweird beast dies!
Your larval oxweird beast's corpse disappears in a puff of smoke!
Your magical contamination has completely faded away.
You barely miss Urug.
Urug is heavily wounded.
The wall freezes Urug but does no damage.
Urug hits you with a +3 broad axe!!!
You die...

Skill      XL: |  1  2  3  4  5  6  7  8  9 10 11 |
---------------+----------------------------------+-----
Transmutations | 2 3 4 5 |  5.0
Spellcasting   | 2 3 |  3.5
Fighting       | 1 2 4 5 7 10 | 10.0
Poison Magic   | 3 |  3.0
Dodging        | 2 6 |  6.0
Ice Magic      | 4 5 |  5.0
Armour         | 3 4 |  4.0
Evocations     | 2 3 |  3.0
Conjurations   | 3 4 |  4.0
Earth Magic    | 3 4 |  4.0
Long Blades    | 7 |  7.1
Polearms       | 5 |  5.6
Unarmed Combat | |  2.6

Action                     |  1- 3 |  4- 6 |  7- 9 | 10-12 || total
---------------------------+-------+-------+-------+-------++-------
  Melee: Unarmed           |    52 |       |   253 |   168 ||   473
         Kick              |     6 |    22 |     1 |     3 ||    32
         Headbutt          |     5 |     8 |     4 |     2 ||    19
         Dagger            |    43 |   186 |   195 |    89 ||   513
         Punch             |     1 |     4 |     7 |     9 ||    21
         Long sword        |       |       |       |    29 ||    29
         Lance             |       |       |       |    20 ||    20
   Cast: Beastly Appendage |     5 |     9 |     5 |     8 ||    27
         Spider Form       |       |       |    27 |     7 ||    34
         Wereblood         |       |       |     2 |       ||     2
         Stone Arrow       |       |       |       |   162 ||   162
         Frozen Ramparts   |       |       |       |    18 ||    18
         Ice Form          |       |       |       |     8 ||     8
  Evoke: Wand              |       |       |     2 |       ||     2
         Box of beasts     |       |       |       |     1 ||     1
    Use: Scroll            |       |       |     9 |     3 ||    12
         Potion            |       |       |     4 |       ||     4
   Stab: Sleeping          |     4 |     5 |     3 |       ||    12
 Armour: Robe              |    46 |    26 |       |       ||    72
         Leather armour    |       |    51 |    58 |    54 ||   163
         Skin              |       |       |    62 |    22 ||    84
  Dodge: Dodged            |    74 |   117 |   410 |   271 ||   872

Levels and vault maps discovered:
D:1:      lemuel_arrival_funnel, layout_rooms, nicolae_ecumenical_lake_church,
          moated_statue, hangedman_decor_clover_reticule
D:2:      layout_basic, uniq_robin
D:3:      layout_basic, mainiacjoe_overflow_brackets, lemuel_doored_altar
D:4:      layout_loops_corners, nemelex_spade_bored_becter, grunt_ministairs_10,
          uniq_sigmund, uniq_natasha, uniq_crazy_yiuf_cottage
D:5:      layout_basic, serial_shops, shop
D:6:      layout_basic
D:7:      layout_loops_ring, lightli_temple_of_fire, amcnicky_altar_gilded,
          minmay_temple_entry_antechambers, uniq_joseph, uniq_menkaure
D:8:      minmay_angry_zag, layout_rooms, tso_oasis_becter,
          nicolae_uskayaw_dance_hall, gammafunk_temple_overflow_arena,
          minitemple, minmay_quadrilaterals, uniq_prince_ribbit1
D:9:      layout_rooms, nicolae_elyvilon_temple_path, serial_shops,
          nicolae_stop_n_shop_1, uniq_harold, uniq_pikel
D:10:     layout_stronghold, lemuel_zombie_altar_kikubaaqudgha,
          trog_antimagical, hiddenorc2_lemuel
D:11:     minmay_the_grid_octo_triangle [minmay_the_grid_octo_shrine,
          minmay_the_grid_octo_prize_star, minmay_the_grid_octo_pinwheel],
          layout_irregular_city, erik_lair_dragon, uniq_nergalle, uniq_urug

Notes
Turn   | Place    | Note
-------+----------+-------------------------------------------
     0 | D:1      | Jackthecabe the Demigod Transmuter began the quest for the
                  | Orb.
     0 | D:1      | Reached XP level 1. HP: 15/15 MP: 5/5
   127 | D:1      | Reached skill level 2 in Transmutations
   169 | D:1      | Reached XP level 2. HP: 22/22 MP: 5/7
   398 | D:1      | Reached skill level 3 in Transmutations
   579 | D:2      | Noticed Robin
   587 | D:1      | Killed Robin
   588 | D:1      | Reached XP level 3. HP: 22/27 MP: 6/8
   928 | D:2      | Reached skill level 4 in Transmutations
  1121 | D:2      | Learned a level 2 spell: Wereblood
  1203 | D:2      | Reached skill level 2 in Spellcasting
  1203 | D:2      | Reached skill level 1 in Fighting
  1203 | D:2      | Reached XP level 4. HP: 35/35 MP: 7/9
  1482 | D:3      | Reached skill level 2 in Fighting
  1580 | D:3      | Reached XP level 5. HP: 36/44 MP: 6/10
  1719 | D:3      | Reached skill level 3 in Fighting
  2265 | D:4      | Noticed Sigmund
  2294 | D:4      | Noticed Natasha
  2333 | D:3      | Killed Natasha
  2449 | D:4      | Identified the +0 leather armour "Estre Aqu" {rF+ rC+
                  | Stlth+}
  2489 | D:4      | Noticed a centaur
  2519 | D:4      | Killed a centaur
  2520 | D:4      | Reached skill level 4 in Fighting
  2524 | D:4      | Learned a level 3 spell: Spider Form
  2627 | D:4      | Found a runed translucent door.
  2628 | D:4      | Noticed Crazy Yiuf
  2852 | D:4      | Reached XP level 6. HP: 51/53 MP: 11/11
  3009 | D:4      | Reached skill level 1 in Poison Magic
  3396 | D:4      | Reached skill level 2 in Poison Magic
  3580 | D:5      | Entered Level 5 of the Dungeon
  3580 | D:5      | Found Diwyrotuc's Antique Armour Shoppe.
  3590 | D:5      | Reached skill level 5 in Fighting
  3632 | D:5      | Reached skill level 3 in Poison Magic
  3632 | D:5      | Reached XP level 7. HP: 19/61 MP: 3/13
  3919 | D:5      | Reached skill level 6 in Fighting
  4281 | D:5      | Reached skill level 7 in Fighting
  4526 | D:6      | Reached XP level 8. HP: 71/73 MP: 14/14
  4636 | D:6      | Reached skill level 8 in Fighting
  4851 | D:6      | Reached skill level 9 in Fighting
  5502 | D:6      | Reached skill level 10 in Fighting
  5516 | D:6      | Reached skill level 2 in Dodging
  5959 | D:7      | Learned a level 4 spell: Ice Form
  6182 | D:7      | Noticed Menkaure
  6202 | D:7      | Reached XP level 9. HP: 27/85 MP: 5/15
  6210 | D:7      | Killed Menkaure
  6211 | D:7      | Reached skill level 1 in Ice Magic
  6483 | D:7      | Reached skill level 3 in Dodging
  6483 | D:7      | Reached skill level 2 in Ice Magic
  6518 | D:7      | Found a staircase to the Ecumenical Temple.
  6518 | D:7      | Noticed Joseph
  6759 | D:7      | Reached skill level 3 in Ice Magic
  7252 | D:8      | Noticed a cyclops
  7281 | D:8      | Reached skill level 4 in Ice Magic
  7388 | D:8      | Noticed a centaur warrior
  7411 | D:8      | Noticed a komodo dragon
  7432 | D:8      | Reached skill level 4 in Dodging
  7479 | D:8      | Found a transporter.
  7533 | D:8      | Noticed a cyclops
  7572 | D:8      | HP: 11/127 [vampire mosquito (3)]
  7579 | D:8      | Killed a cyclops
  7580 | D:8      | Reached skill level 5 in Dodging
  7829 | D:7      | Identified 2 potions of resistance
  7970 | D:8      | Noticed a two-headed ogre
  8096 | D:8      | Killed a two-headed ogre
  8097 | D:8      | Reached skill level 6 in Dodging
  8097 | D:8      | Reached skill level 2 in Armour
  8320 | D:8      | Noticed a bunyip
  8321 | D:8      | Found a transporter.
  8342 | D:8      | Reached skill level 3 in Armour
  8351 | D:8      | Reached skill level 1 in Evocations
  8378 | D:8      | a bunyip changed into a jorogumo
  8378 | D:8      | Noticed a jorogumo (shapeshifter)
  8435 | D:8      | Reached skill level 2 in Evocations
  8435 | D:8      | Reached XP level 10. HP: 45/93 MP: 10/16
  8451 | D:8      | a jorogumo changed into a radroach
  8451 | D:8      | Noticed a radroach (shapeshifter)
  8507 | D:8      | a radroach changed into a spark wasp
  8507 | D:8      | Noticed a spark wasp (shapeshifter)
  8541 | D:8      | Reached skill level 3 in Evocations
  8637 | D:8      | a spark wasp changed into a quicksilver ooze
  8637 | D:8      | Noticed a quicksilver ooze (shapeshifter)
  8661 | D:8      | a quicksilver ooze changed into a storm dragon
  8661 | D:8      | Noticed a storm dragon (shapeshifter)
  8668 | D:8      | a storm dragon changed into something unseen
  8868 | D:8      | Noticed Prince Ribbit
  8890 | D:8      | Killed Prince Ribbit
  8891 | D:8      | Reached skill level 4 in Armour
  9194 | D:8      | Noticed a great orb of eyes
  9195 | D:8      | a great orb of eyes changed into a satyr
  9195 | D:8      | Noticed a satyr (shapeshifter)
  9203 | D:8      | a tyrant leech changed into a boulder beetle
  9203 | D:8      | Noticed a boulder beetle (shapeshifter)
  9218 | D:9      | Learned a level 3 spell: Frozen Ramparts
  9243 | D:9      | Noticed Harold
  9268 | D:9      | Reached skill level 5 in Transmutations
  9277 | D:9      | Noticed Pikel
  9292 | D:9      | Found Seisisis's Antique Weapon Boutique.
  9570 | D:9      | Killed Pikel
  9571 | D:9      | Reached skill level 3 in Spellcasting
  9571 | D:9      | Reached skill level 5 in Ice Magic
  9792 | D:9      | Learned a level 3 spell: Stone Arrow
  9919 | D:9      | Reached skill level 1 in Conjurations
  9919 | D:9      | Reached skill level 1 in Earth Magic
 10077 | D:9      | Killed Harold
 10078 | D:9      | Reached skill level 2 in Conjurations
 10078 | D:9      | Reached skill level 2 in Earth Magic
 10448 | D:10     | Entered Level 10 of the Dungeon
 10991 | D:10     | Reached skill level 3 in Conjurations
 10991 | D:10     | Reached skill level 3 in Earth Magic
 11302 | D:10     | Found a staircase to the Orcish Mines.
 11714 | D:10     | Reached XP level 11. HP: 80/99 MP: 8/19
 11835 | D:10     | Found the +7 Throatcutter {drain, coup de grace}
 12252 | D:10     | Reached skill level 1 in Long Blades
 12595 | D:11     | Reached skill level 4 in Conjurations
 12595 | D:11     | Reached skill level 4 in Earth Magic
 12718 | D:10     | Reached skill level 2 in Long Blades
 12898 | D:11     | Reached skill level 3 in Long Blades
 13090 | D:11     | Noticed Urug
 13135 | D:11     | Identified the +0 cloak of Hepliaklqana {Str+3 Dex+3}
 13255 | D:11     | Noticed a boulder beetle
 13345 | D:11     | Killed a boulder beetle
 13346 | D:11     | Reached skill level 4 in Long Blades
 13482 | D:11     | Reached skill level 5 in Long Blades
 13576 | D:11     | Noticed a seven-headed hydra
 13588 | D:11     | Noticed a five-headed hydra
 13632 | D:11     | Killed a seven-headed hydra
 13840 | D:11     | Noticed Nergalle
 13903 | D:11     | Reached skill level 6 in Long Blades
 14121 | D:11     | Noticed an ogre mage
 14121 | D:11     | Noticed a two-headed ogre
 14121 | D:11     | Noticed a two-headed ogre
 14440 | D:11     | Reached skill level 7 in Long Blades
 14682 | D:11     | Noticed a boulder beetle
 14701 | D:11     | Killed a boulder beetle
 14702 | D:11     | Reached skill level 1 in Polearms
 14842 | D:11     | Reached skill level 2 in Polearms
 15000 | D:11     | Noticed an orc knight
 15054 | D:11     | Killed Nergalle
 15055 | D:11     | Reached skill level 3 in Polearms
 15386 | D:11     | Got Piebrom's Anthology of Evil Ignition
 15394 | D:11     | Reached skill level 4 in Polearms
 15468 | D:11     | Identified the staff of earth "Suoluij" {rElec rF- Int+3
                  | Stlth+}
 15472 | D:11     | Identified the +3 leather armour "Facuru" {Harm rElec rF-
                  | Dex-2}
 15598 | D:11     | Killed an orc knight
 15721 | D:11     | Reached skill level 5 in Polearms
 15854 | D:11     | Killed a two-headed ogre
 16152 | D:11     | Annihilated by Urug

Vanquished Creatures
  Harold (D:9)
  A hydra (D:11)
  2 two-headed ogres
  2 boulder beetles (D:11)
  Nergalle (D:11)
  Pikel (D:9)
  A wolf spider (D:11)
  An orc knight (D:11)
  5 cyclopes
  An elephant (shapeshifter) (D:11)
  A kobold demonologist (D:11)
  A yaktaur (D:11)
  A tengu conjurer (D:11)
  3 trolls (D:11)
  3 hornets
  Prince Ribbit (D:8)
  A slime creature (D:11)
  2 shadows
  A wraith (D:10)
  7 yaks
  2 wyverns
  2 steam dragons
  3 vampire mosquitoes (D:8)
  A basilisk (D:11)
  Menkaure (D:7)
  4 acid dragons
  3 water moccasins
  5 orc warriors
  A sky beast (D:6)
  3 black bears
  3 ice beasts (D:6)
  An ogre (D:10)
  3 centaurs
  4 phantoms
  2 kobold brigands
  3 bullfrogs
  A gnoll sergeant (D:11)
  3 scorpions
  18 wights
  4 killer bees
  2 jellies (D:6)
  5 howler monkeys
  An electric eel (D:9)
  8 orc priests
  6 hounds
  Natasha (D:3)
  7 iguanas
  8 orc wizards
  Robin (D:1)
  9 adders
  10 gnolls
  A shadow imp (D:7)
  2 worms (D:3)
  5 dart slugs
  47 orcs
  4 ball pythons
  8 endoplasms
  4 giant cockroaches
  18 goblins
  7 hobgoblins
  2 jackals (D:1)
  A quokka (D:3)
  4 frilled lizards
  7 kobolds
  2 rat zombies (D:10)
274 creatures vanquished.

Vanquished Creatures (others)
  An orc wizard (D:6)
  2 orcs (D:6)
  6 plants
9 creatures vanquished.

Grand Total: 283 creatures vanquished

Table legend: (Time is in decaauts)
 A = Elapsed time spent in this place.
 B = Non-inter-level travel time spent in this place.
 C = Inter-level travel time spent in this place.
 D = Time resting spent in this place.
 E = Time spent auto-exploring this place.
 F = Levels seen in this place.
 G = Mean time per level.
                   A        B        C        D        E       F      G
               +--------+--------+--------+--------+--------+-----+--------+
         Total |  16147 |  15700 |    447 |   2741 |   9852 |  11 | 1467.9 |
       Dungeon |  16147 |  15700 |    447 |   2741 |   9852 |  11 | 1467.9 |
               +--------+--------+--------+--------+--------+-----+--------+

Top non-repeatable levels by time:
    D:10: 3268 daAuts
    D:11: 2455 daAuts
     D:8: 1855 daAuts
     D:7: 1526 daAuts
     D:6: 1467 daAuts
     D:4: 1269 daAuts
     D:9: 1091 daAuts
     D:3: 1017 daAuts
     D:5: 770 daAuts
     D:2: 763 daAuts
     D:1: 661 daAuts

Table legend:
 A = Non-vault XP
 B = Vault XP
 C = Vault XP percentage of total XP
 D = Non-vault monster count
 E = Vault monster count
 F = Vault count percentage of total count
                 A         B        C        D         E       F
            +---------+---------+-------+---------+---------+-------
      Total |   12249 |   13575 |  52.6 |     191 |      86 |  31.0
            +---------+---------+-------+---------+---------+-------
        D:1 |      37 |      36 |  49.3 |      11 |      11 |  50.0
        D:2 |      51 |       4 |   7.3 |      19 |       2 |   9.5
        D:3 |     154 |      39 |  20.2 |      21 |       3 |  12.5
        D:4 |     380 |       0 |   0.0 |      18 |       0 |   0.0
        D:5 |     926 |       0 |   0.0 |      17 |       0 |   0.0
        D:6 |    1607 |       0 |   0.0 |      24 |       0 |   0.0
        D:7 |     655 |     172 |  20.8 |      11 |       1 |   8.3
        D:8 |    2120 |    2284 |  51.9 |      19 |      13 |  40.6
        D:9 |    1022 |    1522 |  59.8 |      15 |       2 |  11.8
       D:10 |    2205 |    1015 |  31.5 |      17 |      37 |  68.5
       D:11 |    3092 |    8503 |  73.3 |      19 |      17 |  47.2
            +---------+---------+-------+---------+---------+-------
